 Dungeon Crawl Stone Soup version 0.27-a0-1101-ge311f74bc8 (webtiles) character file.

Game seed: 12522857758847427171

8014 1player the Covert (level 11, 0/53 HPs)
             Began as a Spriggan Enchanter on Apr 28, 2021.
             Was a Believer of Dithmenos.
             Succumbed to a killer bee's poison
             ... on level 9 of the Dungeon.
             The game lasted 00:46:10 (17994 turns).

1player the Covert (Spriggan Enchanter)            Turns: 17994, Time: 00:46:11

Health: 0/53       AC:  3    Str:  4    XL:     11   Next: 4%
Magic:  13/16      EV: 26    Int: 17    God:    Dithmenos [**....]
Gold:   1361       SH:  0    Dex: 19    Spells: 3/15 levels left

rFire    . . .     SeeInvis +   a - +4 dagger (venom)
rCold    . . .     Faith    .   (shield restricted)
rNeg     + . .     Spirit   .   r - +1 robe
rPois    .         Reflect  .   (helmet restricted)
rElec    .         Harm     .   (no cloak)
rCorr    .         Rampage  .   (gloves unavailable)
Will     +....                  (boots unavailable)
Stlth    ++++++++..             l - amulet of magic regeneration
HPRegen  0.17/turn              p - ring of positive energy
MPRegen  0.40/turn              x - ring of flight

@: lethally poisoned (0 -> -5), flying, very slightly contaminated, wreathed by
umbra, invisible, very quick
A: very small, no large weapons, unfitting armour, see invisible, speed 3
a: Renounce Religion, Shadow Step


You were on level 9 of the Dungeon.
You worshipped Dithmenos.
Dithmenos was pleased with you.
You visited 2 branches of the dungeon, and saw 10 of its levels.

You collected 1526 gold pieces.
You spent 165 gold pieces at shops.

Inventory:

Hand Weapons
 a - a +4 dagger of venom (weapon)
 b - a +1 short sword of flaming
 P - a +1 dagger of draining
Missiles
 f - 24 sling bullets
 g - 6 throwing nets
 A - 3 poisoned darts
 H - a curare-tipped dart
Armour
 r - a +1 robe (worn)
Jewellery
 l - an amulet of magic regeneration (around neck)
 p - a ring of positive energy (left hand)
 x - a ring of flight (right hand)
 S - a ring of protection from fire
Wands
 D - a wand of digging (3)
 I - a wand of mindburst (21)
 K - a wand of iceblast (12)
 R - a wand of acid (9)
Scrolls
 v - a scroll of enchant armour
 C - a scroll of magic mapping
 F - a scroll of teleportation
 G - 2 scrolls of fog {unknown}
 L - a scroll of fear
 O - a scroll of amnesia {unknown}
Potions
 j - a potion of resistance
 m - a potion of might
 q - a potion of curing {unknown}
 u - 2 potions of lignification {unknown}
 w - 2 potions of haste
 E - a potion of cancellation {unknown}
 J - a potion of heal wounds {unknown}
 N - a potion of magic
 Q - a potion of flight {unknown}


   Skills:
 - Level 4.0 Fighting
 + Level 5.4 Short Blades
 - Level 11.9 Dodging
 - Level 14.0 Stealth
 - Level 2.6 Spellcasting
 - Level 10.0 Hexes
 - Level 4.0 Invocations


You had 3 spell levels left.
You knew the following spells:

 Your Spells              Type           Power      Damage    Failure   Level
a - Tukima's Dance        Hex            36%        N/A       1%          3
q - Confusing Touch       Hex            36%        N/A       1%          3
s - Summon Guardian Gole  Hex/Summ       19%        N/A       7%          3
y - Corona                Hex            40%        N/A       1%          1
z - Ensorcelled Hibernat  Hex/Ice        38%        N/A       3%          2

Your spell library contained the following spells:

 Spells                   Type           Power      Damage    Failure   Level
 Dazzling Flash           Conj/Hex       38%        N/A       7%          3
 Magic Dart               Conj           8%         1d3       19%         1
 Summon Small Mammal      Summ           8%         N/A       19%         1
 Call Imp                 Summ           2%         N/A       26%         2
 Searing Ray              Conj           4%         3d3       26%         2
 Call Canine Familiar     Summ           2%         N/A       47%         3
 Gell's Gravitas          Tloc           1%         N/A       47%         3
 Fulminant Prism          Conj/Hex       9%         3d7       22%         4
 Metabolic Englaciation   Hex/Ice        9%         N/A       54%         5
 Yara's Violent Unravell  Hex/Tmut       9%         3d6       54%         5
 Iskenderun's Mystic Bla  Conj/Tloc      2%         2d3       87%         4
 Petrify                  Tmut/Erth      2%         N/A       87%         4
 Summon Ice Beast         Ice/Summ       2%         N/A       87%         4
 Summon Lightning Spire   Summ/Air       2%         N/A       87%         4
 Bolt of Magma            Conj/Fire/Erth 1%         4d4       99%         5
 Iskenderun's Battlesphe  Conj           2%         2d6       99%         5
 Iron Shot                Conj/Erth      1%         9d1       100%        6
 Orb of Destruction       Conj           1%         N/A       100%        7
 Spellforged Servitor     Conj/Summ      1%         N/A       100%        7


Dungeon Overview and Level Annotations

Branches:
Dungeon (9/15)             Temple (1/1) D:5            Lair (0/6) D:8
    Orc: D:9-12

Altars:
Ashenzari
Cheibriados
Dithmenos
Elyvilon
Fedhas
Gozag
Hepliaklqana
Kikubaaqudgha
Makhleb
Nemelex Xobeh
Okawaru
Qazlal
Ru
Sif Muna
Trog
Uskayaw
Vehumet
Wu Jian
Xom
Yredelemnul
Zin
The Shining One
Beogh

Shops:
D:2 :   D:5 *

Annotations:
D:2 exclusion: ogre
D:4 Edmund, Menkaure, Robin
D:6 3 runed translucent doors, zhorgal's ghost, novice MiBe
D:8 2 transporters


Innate Abilities, Weirdness & Mutations

You are very small and have problems with some larger weapons.
You are too small for most types of armour.
You have supernaturally acute eyesight. (SInv)
You cover ground extremely quickly. (Speed+++)


Message History

Confirm with . or Enter, or press ? or * to list all spells.
Aiming: Ensorcelled Hibernation (safe; 3% risk of failure)
Press: ? - help, Shift-Dir - straight line, f - killer bee
Aim: a killer bee (umbra, chance to affect: 58%)
The killer bee resists with significant effort.
The killer bee stings you. The killer bee closely misses you.
Casting: Ensorcelled Hibernation (safe; 3% risk of failure)
Confirm with . or Enter, or press ? or * to list all spells.
Aiming: Ensorcelled Hibernation (safe; 3% risk of failure)
Press: ? - help, Shift-Dir - straight line, f/p - killer bee
Aim: a killer bee (umbra, chance to affect: 58%)
The killer bee resists with significant effort.
The killer bee misses you. The killer bee barely misses you.
Casting: Ensorcelled Hibernation (safe; 3% risk of failure)
Confirm with . or Enter, or press ? or * to list all spells.
Aiming: Ensorcelled Hibernation (safe; 3% risk of failure)
Press: ? - help, Shift-Dir - straight line, f/p - killer bee
Aim: a killer bee (umbra, chance to affect: 58%)
The killer bee resists with significant effort.
The killer bee stings you.
You are poisoned.
The killer bee poisons you! The killer bee stings you.
You feel sick.
You feel sick.
You feel sick.
You feel sick. The killer bee stings you.
* * * LOW HITPOINT WARNING * * *
You are more poisoned.
The killer bee poisons you!
You feel sick.
Okay, then.
Press: ? - help, v - describe, . - travel
Here: a killer bee (umbra)
The floor.
You fade into invisibility!
You feel sick. The killer bee barely misses you.
The killer bee closely misses you. The killer bee stings you!
* * * LOW HITPOINT WARNING * * *
You are very lightly contaminated with residual magic.
You die...

..<...#.#+#####..#
......#.# #..#
.######.# #..# .# ..#
#..# .# .. #..#### .#
##....# .# #....# .#
#...[# .# #@...#
.###### #....# ......#
#yy..# #########8...
#....##
'......##.....##.^...#
#......#8.....8#.....#
#...#####.....##.....#
#...# #8.).8##.#####
....# ##_## #.#


You could see 2 killer bees.

Vanquished Creatures
  Harold (D:8)
  An elephant (D:8)
  2 trolls (D:9)
  Prince Ribbit (D:9)
  18 yaks
  A steam dragon (D:7)
  A water moccasin (D:8)
  3 orc warriors
  A hornet zombie (D:7)
  3 black bears
  2 ice beasts (D:7)
  3 necrophages
  2 ogres
  A sky beast (D:8)
  2 centaurs (D:7)
  A phantom (D:6)
  A kobold brigand (D:7)
  2 gnoll sergeants (D:9)
  7 killer bees
  2 electric eels (D:6)
  2 howler monkeys
  A bullfrog zombie (D:6)
  4 centaur zombies
  4 hounds
  A jelly (D:6)
  2 bullfrog skeletons
  4 orc priests
  Natasha (D:2)
  6 iguanas
  4 orc wizards
  A killer bee zombie (D:9)
  A hound skeleton (D:4)
  A howler monkey zombie (D:8)
  13 gnolls
  A howler monkey skeleton (D:7)
  4 adders
  2 white imps
  3 ufetubi
  2 dart slugs
  31 orcs
  7 endoplasms
  7 giant cockroaches
  8 hobgoblins
  3 jackals (D:3)
  10 kobolds
  4 quokkas
  7 ball pythons
  7 bats
  4 frilled lizards
  5 goblins
  7 rats
212 creatures vanquished.

Vanquished Creatures (others)
  7 plants (D:6)
7 creatures vanquished.

Grand Total: 219 creatures vanquished

Notes
Turn   | Place    | Note
-------+----------+-------------------------------------------
     0 | D:1      | 1player the Spriggan Enchanter began the quest for the Orb.
     0 | D:1      | Reached XP level 1. HP: 9/9 MP: 5/5
    33 | D:1      | Found a faded altar of an unknown god.
  1378 | D:1      | Reached skill level 5 in Stealth
  1378 | D:1      | Reached XP level 2. HP: 11/13 MP: 2/6
  1525 | D:1      | Learned a level 2 spell: Ensorcelled Hibernation
  2229 | D:1      | Reached XP level 3. HP: 16/16 MP: 5/8
  2417 | D:2      | Noticed an ogre
  2851 | D:2      | Noticed Natasha
  3183 | D:2      | Found Efirph's Book Emporium.
  3519 | D:3      | Reached skill level 5 in Hexes
  3546 | D:3      | Noticed a black bear
  3897 | D:3      | You fall into a shaft and drop 1 floor!
  4122 | D:2      | Killed Natasha
  4123 | D:2      | Reached XP level 4. HP: 21/21 MP: 3/9
  5073 | D:3      | Reached XP level 5. HP: 18/24 MP: 4/10
  5160 | D:3      | Reached skill level 6 in Stealth
  5409 | D:3      | Killed a black bear
  5410 | D:3      | Reached skill level 5 in Dodging
  5410 | D:3      | Reached XP level 6. HP: 15/28 MP: 6/11
  5848 | D:4      | Noticed Menkaure
  5925 | D:3      | Reached skill level 7 in Stealth
  6011 | D:4      | Identified a scroll of acquirement
  6011 | D:4      | Acquired 988 gold pieces
  6561 | D:4      | Noticed Edmund
  6831 | D:3      | Learned a level 3 spell: Tukima's Dance
  6925 | D:4      | Noticed Robin
  7532 | D:4      | Reached XP level 7. HP: 25/32 MP: 9/12
  7879 | D:5      | Entered Level 5 of the Dungeon
  7884 | D:5      | Found a staircase to the Ecumenical Temple.
  8764 | D:5      | Reached skill level 8 in Stealth
  8790 | Temple   | Entered the Ecumenical Temple
  8945 | Temple   | Became a worshipper of Dithmenos the Shadowed
  9291 | D:4      | Learned a level 3 spell: Confusing Touch
  9557 | D:5      | Found Jeeleg's Assorted Antiques.
  9567 | D:5      | Bought a scroll labelled ZAOPTA TYTUSCH for 24 gold pieces
  9567 | D:5      | Bought a ruby potion for 21 gold pieces
  9567 | D:5      | Bought a runed onyx ring for 120 gold pieces
 10071 | D:6      | Found an opulent altar of Gozag.
 10083 | D:6      | Found a runed translucent gate.
 10084 | D:6      | Found a runed translucent gate.
 10085 | D:6      | Found a runed translucent gate.
 10090 | D:6      | Identified the +8 plate armour of the Kraken {*Corrode
                  | Regen+ Int+4}
 10091 | D:6      | Noticed zhorgal's ghost (novice MiBe)
 10122 | D:6      | Reached skill level 9 in Stealth
 10342 | D:5      | Reached XP level 8. HP: 33/36 MP: 13/13
 11100 | D:6      | Found a hazy altar of Hepliaklqana.
 11100 | D:6      | Found a sparkling altar of Nemelex Xobeh.
 11103 | D:6      | Found a basalt altar of Yredelemnul.
 11182 | D:6      | Reached skill level 10 in Stealth
 12277 | D:7      | Reached * piety under Dithmenos
 12295 | D:7      | Reached XP level 9. HP: 25/39 MP: 6/14
 12804 | D:7      | Identified the +6 broad axe of Acoa {flame, rF+}
 13002 | D:7      | Found a blossoming altar of Fedhas.
 13287 | D:8      | Noticed Harold
 13291 | D:8      | Reached skill level 10 in Hexes
 13330 | D:8      | Found a staircase to the Lair.
 13343 | D:8      | Reached skill level 1 in Fighting
 13396 | D:8      | Noticed an elephant
 13612 | D:8      | Learned a level 3 spell: Summon Guardian Golem
 13909 | D:8      | Found a transporter.
 14002 | D:8      | Killed an elephant
 14003 | D:8      | Reached skill level 1 in Invocations
 14942 | D:8      | Found a transporter.
 15511 | D:9      | Noticed a troll
 15518 | D:9      | Killed a troll
 15519 | D:9      | Reached skill level 11 in Stealth
 15519 | D:9      | Reached XP level 10. HP: 49/49 MP: 11/15
 15532 | D:9      | Noticed Prince Ribbit
 15592 | D:8      | Killed Harold
 15787 | D:8      | Reached skill level 10 in Dodging
 15787 | D:8      | Reached skill level 12 in Stealth
 15850 | D:8      | Reached ** piety under Dithmenos
 16110 | D:8      | Reached skill level 13 in Stealth
 16535 | D:9      | Reached skill level 14 in Stealth
 16583 | D:9      | Found an ancient bone altar of Kikubaaqudgha.
 17224 | D:9      | Killed Prince Ribbit
 17654 | D:9      | Reached skill level 5 in Short Blades
 17654 | D:9      | Reached XP level 11. HP: 53/53 MP: 13/16
 17993 | D:9      | HP: 1/53 [killer bee (8)]
 17994 | D:9      | Succumbed to a killer bee's poison

Illustrated notes

Levels and vault maps discovered:
D:1:      dpeg_arrival_short_road, layout_basic,
          hellmonk_ecumenical_altar_lost_god, kennysheep_decorative_pillar
D:2:      layout_basic, serial_shops, shop_fountains, serial_park_tiny_pond,
          uniq_natasha
D:3:      layout_basic
D:4:      layout_rooms, uniq_robin, uniq_menkaure, uniq_edmund
D:5:      layout_gridville, minmay_temple_entry_proselytizer, serial_shops, shop
D:6:      layout_gridville, minitemple, biasface_ghost_orc_armoury,
          serial_bayou_lagoon_b
D:7:      layout_gridville, fedhas_altar_2, minmay_checkerbox
D:8:      gammafunk_cloud_chamber, layout_basic, david_lair_generic, uniq_harold
D:9:      layout_irregular_city, nicolae_overflow_hidden_temple,
          uniq_prince_ribbit1
Temple:   regret_index_temple_sphere_string

Skill      XL: |  1  2  3  4  5  6  7  8  9 10 |
---------------+-------------------------------+-----
Dodging        | 3 4 5 7 9 11 | 11.9
Stealth        | 5 6 7 9 10 11 14 | 14.0
Hexes          | 4 5 6 7 8 10 | 10.0
Short Blades   | 4 5 |  5.4
Fighting       | 4 |  4.0
Invocations    | 4 |  4.0
Spellcasting   | |  2.6

Action                   |  1- 3 |  4- 6 |  7- 9 | 10-12 || total
-------------------------+-------+-------+-------+-------++-------
Melee: Dagger            |   141 |    95 |   297 |   114 ||   647
       Short sword       |       |       |    20 |    15 ||    35
 Cast: Corona            |    18 |       |    11 |       ||    29
       Ensorcelled Hiber |    51 |    64 |    76 |    78 ||   269
       Confusing Touch   |       |       |    25 |    14 ||    39
       Summon Guardian G |       |       |     1 |       ||     1
  Use: Scroll            |       |     7 |     7 |     3 ||    17
       Potion            |       |       |       |     1 ||     1
 Stab: Sleeping          |    33 |    35 |    49 |    30 ||   147
       Confused          |       |       |    18 |    10 ||    28
       Distracted        |       |       |       |     2 ||     2
Armor: Robe              |    21 |     7 |    21 |     2 ||    51
Dodge: Dodged            |   122 |    92 |   326 |   189 ||   729

Table legend: (Time is in decaauts)
 A = Elapsed time spent in this place.
 B = Non-inter-level travel time spent in this place.
 C = Inter-level travel time spent in this place.
 D = Time resting spent in this place.
 E = Time spent auto-exploring this place.
 F = Levels seen in this place.
 G = Mean time per level.
                   A        B        C        D        E       F      G
               +--------+--------+--------+--------+--------+-----+--------+
         Total |  14339 |  13620 |    719 |   7160 |   2978 |  10 | 1433.9 |
       Dungeon |  14229 |  13524 |    705 |   7160 |   2888 |   9 | 1581.0 |
        Temple |    109 |     95 |     14 |      0 |     90 |   1 |  109.0 |
               +--------+--------+--------+--------+--------+-----+--------+

Top non-repeatable levels by time:
     D:3: 2624 daAuts
     D:8: 2233 daAuts
     D:1: 2141 daAuts
     D:7: 1458 daAuts
     D:4: 1322 daAuts
     D:6: 1315 daAuts
     D:5: 1224 daAuts
     D:9: 1053 daAuts
     D:2: 856 daAuts
  Temple: 109 daAuts
